 Dungeon Crawl Stone Soup version 0.29.1-2-gbd0b4ee654 (webtiles) character file.

Game seed: 2985044005741497887

463 zeram the Sneak (level 7, -6/46 (49) HPs)
             Began as an Octopode Fighter on Nov 8, 2022.
             Was an Initiate of Gozag.
             Shot with an arrow by a centaur (8 damage)
             ... on level 5 of the Dungeon.
             The game lasted 00:04:27 (2972 turns).

zeram the Sneak (Octopode Fighter)                  Turns: 2972, Time: 00:04:27

HP:   -6/46 (49)    AC:  1    Str: 15    XL:     7   Next: 7%
MP:   16/16         EV: 13    Int: 12    God:    Gozag
Gold: 306           SH:  4    Dex: 12    Spells: 6/6 levels left

rFire   . . .      SeeInvis .   d - +1 dagger (vamp)
rCold   . . .      Faith    .   b - +0 buckler
rNeg    . . .      Spirit   .   (helmet restricted)
rPois   .          Reflect  .   (no amulet)
rElec   .          Harm     .   e - ring of magical power
rCorr   .          Rampage  .   f - +4 ring of slaying
Will    .....                   (no ring)
Stlth   ++++......              (no ring)
HPRegen 0.15/turn               (no ring)
MPRegen 0.15/turn               (no ring)
                                (no ring)
                                (no ring)

@: gold aura, drained
A: almost no armour, amphibious, 8 rings, camouflage 1, gelatinous body 1,
(nimble swimmer 1), tentacles
a: Renounce Religion, Potion Petition, Call Merchant, Bribe Branch


You were on level 5 of the Dungeon.
You worshipped Gozag.
Gozag was aware of your devotion.
You visited 1 branch of the dungeon, and saw 5 of its levels.

You collected 352 gold pieces.
You paid 46 gold pieces to Gozag.

Inventory:

Hand Weapons
 a - a +0 war axe
 d - a +1 vampiric dagger (weapon)
 i - a +1 vorpal war axe
Armour
 b - a +0 buckler (worn)
Jewellery
 e - a ring of magical power (left tentacle)
 f - a +4 ring of slaying (right tentacle)
 h - a ring of protection from cold
Wands
 o - a wand of roots (13)
Scrolls
 p - a scroll of amnesia
Potions
 c - 2 potions of cancellation
 g - a potion of resistance {unknown}
 k - a potion of mutation {unknown}
 l - 2 potions of flight {unknown}
 m - 2 potions of curing {unknown}
 n - 2 potions of might


   Skills:
 + Level 4.8 Fighting
 + Level 1.0 Short Blades
 - Level 2.4 Axes
 + Level 4.0 Dodging
 + Level 6.3 Stealth
 + Level 3.6 Shields


You had 6 spell levels left.
You didn't know any spells.
Your spell library was empty.

Dungeon Overview and Level Annotations

Branches:
Dungeon (5/15)
 Temple: D:4-7

Altars:
Gozag
Hepliaklqana
Nemelex Xobeh

Shops:
D:2 (   D:3 ?

Annotations:
D:5 1 runed translucent door, Edmund


Innate Abilities, Weirdness & Mutations

You cannot wear most types of armour.
You are amphibious.
You can wear up to eight rings at the same time.
Your skin changes colour to match your surroundings (Stealth+).
Your rubbery body absorbs attacks. (AC +1, EV +1)
((You are camouflaged when in or above water. (Stealth+)))
You have tentacles for arms and can constrict up to eight enemies at once.


Message History

You hit Edmund.
Edmund is lightly wounded.
You constrict Edmund. The dart slug closely misses you.
You block Edmund's attack.
You hit Edmund but do no damage.
Edmund is moderately wounded.
You constrict Edmund, but do no damage.
Edmund hits you with a +2 flail of draining.
You feel drained. You block the dart slug's attack.
You puncture the dart slug! You grab the dart slug.
The dart slug is severely wounded.
You constrict Edmund, but do no damage. You constrict the dart slug.
Edmund hits you with a +2 flail of draining!
You feel drained.
The centaur shouts!
You hit the dart slug.
You feel better.
You kill the dart slug!
You constrict Edmund. Edmund closely misses you.
You release your grip on Edmund.
The centaur closely misses you. The centaur kicks you.
Edmund barely misses you.
You see here 4 gold pieces.
You hit the centaur.
The centaur is lightly wounded.
The centaur hits you. The centaur barely misses you. The centaur misses you.
The centaur kicks you. You block Edmund's attack.
Unknown command.
You hit the centaur.
The centaur is moderately wounded.
The centaur hits you. The centaur kicks you.
Edmund hits you with a +2 flail of draining!
* * * LOW HITPOINT WARNING * * *
You feel drained.
* * * LOW HITPOINT WARNING * * *
Edmund attacks as you move away! Edmund misses you.
Found 6 stones.
Found a large runed translucent door.
The centaur wields a +0 shortbow.
The centaur shoots an arrow.
The arrow hits you!
* * * LOW HITPOINT WARNING * * *
The centaur shoots an arrow.
The arrow hits you!
You die...
Your body crumbles into a pile of gold.

. .# #.#. # #... #.
#####..# #.#......#
...#...#..# .#
..(....@.### #.#
##.#..#>...##########..#
#..#...@$c...........>.
## ##.#......."......#
#.#............##..
..#...............#
.............<#.#..#
+.....#..####### ..
##..##...## #.


You could see Edmund and a centaur.

Vanquished Creatures
  A black bear (D:4)
  A necrophage (D:4)
  2 scorpions (D:4)
  Crazy Yiuf (D:2)
  An orc wizard (D:4)
  3 gnolls (D:4)
  4 adders
  An ufetubus (D:4)
  2 worms (D:2)
  2 dart slugs
  6 orcs
  10 ball pythons
  2 endoplasms
  7 goblins
  5 hobgoblins
  3 kobolds (D:4)
  2 quokkas
  4 bats
  7 frilled lizards
  6 rats
70 creatures vanquished.

Notes
Turn   | Place    | Note
-------+----------+-------------------------------------------
     0 | D:1      | zeram the Octopode Fighter began the quest for the Orb.
     0 | D:1      | Reached XP level 1. HP: 16/16 MP: 1/1
   127 | D:1      | You fall into a shaft and drop 1 floor!
   387 | D:2      | Reached XP level 2. HP: 21/21 MP: 2/2
   450 | D:2      | Found Vubb's Antique Weapon Boutique.
   571 | D:2      | Reached XP level 3. HP: 25/26 MP: 3/3
   934 | D:2      | Reached skill level 1 in Stealth
  1022 | D:2      | Found a runed translucent door.
  1023 | D:2      | Noticed Crazy Yiuf
  1030 | D:2      | Killed Crazy Yiuf
  1031 | D:2      | Reached XP level 4. HP: 21/31 MP: 4/4
  1279 | D:3      | Found a hazy altar of Hepliaklqana.
  1286 | D:3      | Reached skill level 2 in Stealth
  1426 | D:3      | Found Mephu's Magic Scroll Shop.
  1658 | D:3      | Found a faded altar of an unknown god.
  1722 | D:3      | Found an opulent altar of Gozag.
  1732 | D:3      | Became a worshipper of Gozag Ym Sagoz the Greedy
  2089 | D:4      | Found a sparkling altar of Nemelex Xobeh.
  2093 | D:4      | Noticed a black bear
  2099 | D:4      | Killed a black bear
  2100 | D:4      | Reached skill level 4 in Stealth
  2100 | D:4      | Reached XP level 5. HP: 36/37 MP: 5/5
  2210 | D:4      | Reached skill level 5 in Stealth
  2210 | D:4      | Reached XP level 6. HP: 33/43 MP: 6/6
  2401 | D:4      | Reached skill level 6 in Stealth
  2510 | D:4      | Reached XP level 7. HP: 49/49 MP: 7/7
  2513 | D:4      | Reached skill level 1 in Short Blades
  2955 | D:5      | Entered Level 5 of the Dungeon
  2957 | D:5      | Noticed Edmund
  2971 | D:5      | Found a large runed translucent door.
  2971 | D:5      | HP: 2/46 [centaur/arrow (7)]
  2972 | D:5      | Shot with an arrow by a centaur

Illustrated notes

Levels and vault maps discovered:
D:1:      nicolae_arrival_somewhat_less_tricky_arrival, layout_rooms
D:2:      layout_loops_ring, serial_shops, nicolae_shop_stone,
          uniq_crazy_yiuf_cottage
D:3:      layout_loops_ring, lemuel_round_altar, grunt_gozag_breadcrumbs,
          serial_shops, shop, shapermc_ecumenical_altar_acropolis
D:4:      layout_loops_ring, mainiacjoe_overflow_alcove_4,
          kennysheep_nondescript
D:5:      due_chaos_kobolds, layout_rooms,
          mainiacjoe_overflow_concentric_impassable, minmay_temple_entry_glass,
          serial_shops, nicolae_shop_stone, gup_ossuary_entry_pyramid,
          uniq_prince_ribbit1, uniq_sigmund, uniq_edmund

Skill      XL: |  1  2  3  4  5  6  7 |
---------------+----------------------+-----
Stealth        | 1 4 5 6 |  6.3
Fighting       | 4 |  4.8
Dodging        | 4 |  4.0
Short Blades   | 1 |  1.0
Axes           | |  2.4
Shields        | |  3.6

Action                   |  1- 3 |  4- 6 |  7- 9 || total
-------------------------+-------+-------+-------++-------
Melee: War axe           |    35 |    37 |       ||    72
       Constrict         |    10 |    18 |     4 ||    32
       Tentacles         |     5 |     6 |     2 ||    13
       Dagger            |       |    26 |    14 ||    40
       Punch             |       |     2 |       ||     2
  Use: Potion            |     1 |     1 |       ||     2
       Scroll            |       |     2 |     1 ||     3
 Stab: Sleeping          |     3 |    11 |     1 ||    15
Armor: Skin              |     4 |     3 |       ||     7
Dodge: Dodged            |    18 |    31 |    12 ||    61
Block: Buckler           |     1 |    16 |     6 ||    23
